 Dungeon Crawl Stone Soup version 0.18.1-48-g4cf74bf (console) character file.

5271 Kloppie the Basher (level 10, -3/94 HPs)
             Began as a Minotaur Gladiator on July 3, 2016.
             Was a Believer of Yredelemnul.
             Slain by a blink frog (11 damage)
             ... on level 1 of the Lair of Beasts.
             The game lasted 00:12:26 (8954 turns).

Kloppie the Basher (Minotaur Gladiator)             Turns: 8954, Time: 00:12:27

Health: -3/94      AC: 17    Str: 20    XL:     10   Next: 36%
Magic:  9/9        EV:  8    Int:  5    God:    Yredelemnul [**....]
Gold:   506        SH:  0    Dex: 14    Spells: 0 memorised, 9 levels left

rFire  . . .     SeeInvis .     a - +0 morningstar
rCold  + . .     Gourm    .     C - +0 plate armour
rNeg   . . .     Faith    .     (no shield)
rPois  .         Spirit   .     c - +0 hat
rElec  .         Dismiss  .     h - +0 cloak
rCorr  .         Reflect  .     (no gloves)
SustAt .         Harm     .     m - +0 pair of boots
MR     .....                    (no amulet)
Stlth  ..........               r - ring of protection from cold
                                w - ring of stealth

@: not resistant to hostile enchantments, extremely unstealthy
A: retaliatory headbutt, horns 2
a: Animate Remains, Recall Undead Slaves, Injury Mirror, Renounce Religion


You were on level 1 of the Lair of Beasts.
You worshipped Yredelemnul.
Yredelemnul was pleased with you.
You were very hungry.

You visited 3 branches of the dungeon, and saw 10 of its levels.

You collected 506 gold pieces.

Inventory:

Hand Weapons
 a - a +0 morningstar (weapon)
 s - a +1 flail
Missiles
 d - 2 throwing nets (quivered)
Armour
 c - a +0 hat (worn)
 h - a +0 cloak (worn)
 m - a +0 pair of boots (worn)
 C - a +0 plate armour (worn)
Jewellery
 r - a ring of protection from cold (right hand)
 w - a ring of stealth (left hand)
Wands
 g - a wand of acid (2/15)
 x - a wand of paralysis (24/24)
Scrolls
 b - a scroll of fear
 e - 2 scrolls of identify
 j - 6 scrolls of remove curse
 k - 5 scrolls of recharging
 l - 3 scrolls of teleportation
Potions
 i - a potion of might
 n - 2 potions of curing
 q - a potion of cure mutation
 t - a potion of flight
 v - a potion of resistance
 z - a potion of invisibility
 A - a potion of brilliance
 F - a potion of agility
 H - a potion of cancellation
Comestibles
 f - 4 bread rations
 u - 2 slices of pizza
 B - 10 royal jellies
 E - 2 meat rations
 G - a beef jerky


   Skills:
 + Level 10.8 Fighting
 + Level 11.2 Maces & Flails
 - Level 2.0 Throwing
 + Level 10.5 Armour
 - Level 3.2 Dodging


You had 9 spell levels left.
You didn't know any spells.

Dungeon Overview and Level Annotations

Branches:
Dungeon (8/15)             Temple (1/1) D:7            Lair (1/8) D:8

Altars:
Ashenzari
Cheibriados
Dithmenos
Elyvilon
Fedhas
Gozag
Kikubaaqudgha
Makhleb
Nemelex Xobeh
Okawaru
Pakellas
Qazlal
Ru
Vehumet
Xom
Yredelemnul
The Shining One
Jiyva

Shops:
D:7 (   D:8 ?

Annotations:
D:8 Psyche


Innate Abilities, Weirdness & Mutations

You reflexively headbutt those who attack you in melee.
You have a pair of horns on your head.


Message History

The blink frog blinks!
You closely miss the blink frog.
The blink frog blinks!
The blink frog barely misses you.
The blink frog gives a loud, deep croak!
You thump the blink frog!
The blink frog is almost dead.
The blink frog hits you but does no damage. x2
The blink frog blinks!
You sock the blink frog!
The blink frog is moderately wounded.
The blink frog hits you!
* * * LOW HITPOINT WARNING * * *
The blink frog blinks! x2
You hit the blink frog. You headbutt the blink frog!
The blink frog is severely wounded.
The blink frog hits you!
* * * LOW HITPOINT WARNING * * *
The blink frog hits you!
You die...
Your body rises from the dead as a mindless zombie.

#...##.........#
##..###..(......#
#.§.# #.........#
##..# #.........##
##..# #..........#
#...# #.........##
##..# #.........#
##FF###.........#
#@F.P##.........#
##§.##.(........#
#..###.........#
#F.# #.........#
#§.# #......>..##
.
#..###.........P#
..
#..P##.........##
...
#..###.........#
....
###..##..........#


You could see 4 blink frogs.

Vanquished Creatures
  Pikel (D:8)
  Joseph (D:8)
  Maurice (D:8)
  A spiny frog (Lair:1)
  A wyvern (D:8)
  A yak (D:8)
  The ghost of tschems the Grave Robber, an amateur HuNe of Ru (D:3)
  Edmund (D:6)
  2 water moccasins
  5 sky beasts
  2 ice beasts
  3 orc warriors
  3 ogres
  A phantom (D:8)
  A crocodile (D:8)
  A centaur (D:7)
  6 giant frogs
  2 scorpions
  A howler monkey (D:6)
  2 crimson imps
  5 jellies
  4 hounds
  3 orc priests (D:8)
  6 orc wizards
  A centaur skeleton (D:8)
  An iron imp (D:7)
  3 iguanas
  2 worker ants (D:4)
  A killer bee zombie (D:7)
  A sheep (D:8)
  A hound zombie (D:5)
  3 gnolls (D:5)
  13 adders
  2 river rats (D:8)
  2 shadow imps
  7 oozes
  3 adder skeletons
  4 worms
  A dart slug (D:4)
  4 giant geckos
  32 orcs
  8 giant cockroaches
  7 goblins
  9 hobgoblins
  7 kobolds
  A quokka (D:2)
  18 bats
  9 giant newts
  A quokka skeleton (D:6)
  A quokka zombie (D:7)
  18 rats
215 creatures vanquished.

Vanquished Creatures (others)
  A slave (D:8)
  A necrophage (D:8)
  2 jackals (D:8)
  A rat (D:8)
  4 fungi
9 creatures vanquished.

Grand Total: 224 creatures vanquished

Notes
Turn   | Place    | Note
--------------------------------------------------------------
     0 | D:1      | Kloppie the Minotaur Gladiator began the quest for the Orb.
     0 | D:1      | Reached XP level 1. HP: 18/18 MP: 0/0
   151 | D:1      | Reached skill level 1 in Armour
   151 | D:1      | Reached XP level 2. HP: 15/25 MP: 1/1
   206 | D:1      | Reached skill level 4 in Maces & Flails
  1133 | D:2      | Reached XP level 3. HP: 29/31 MP: 2/2
  1514 | D:2      | Reached XP level 4. HP: 30/38 MP: 3/3
  1608 | D:2      | Found a faded altar to an unknown god.
  2319 | D:3      | Reached skill level 5 in Maces & Flails
  2324 | D:3      | Found a blossoming altar of Fedhas.
  2520 | D:3      | Reached XP level 5. HP: 40/46 MP: 4/4
  2596 | D:3      | Noticed tschems's ghost (amateur HuNe)
  2612 | D:3      | Killed tschems's ghost
  2612 | D:3      | Reached XP level 6. HP: 31/55 MP: 5/5
  2640 | D:3      | Found a radiant altar of Vehumet.
  2849 | D:4      | Reached skill level 5 in Fighting
  3010 | D:4      | Reached skill level 6 in Maces & Flails
  3277 | D:5      | Entered Level 5 of the Dungeon
  3381 | D:5      | Found an oddly glowing altar of Pakellas.
  3381 | D:5      | Noticed a rakshasa
  3420 | D:5      | Noticed a sky beast
  3432 | D:5      | Killed a sky beast
  3432 | D:5      | Reached XP level 7. HP: 43/61 MP: 6/6
  3498 | D:5      | Reached skill level 5 in Armour
  3707 | D:5      | Reached skill level 7 in Maces & Flails
  4478 | D:6      | HP: 3/64 [poisoned by a water moccasin]
  5137 | D:6      | Noticed Edmund
  5155 | D:6      | Killed Edmund
  5155 | D:6      | Reached XP level 8. HP: 55/73 MP: 7/7
  5386 | D:6      | Reached skill level 8 in Maces & Flails
  5663 | D:7      | Found a snail-covered altar of Cheibriados.
  5665 | D:7      | Found Ticw's Weapon Boutique.
  6172 | D:7      | Reached skill level 9 in Maces & Flails
  6172 | D:7      | Reached XP level 9. HP: 47/82 MP: 8/8
  6289 | D:7      | Found a staircase to the Ecumenical Temple.
  6310 | Temple   | Entered the Ecumenical Temple
  6556 | Temple   | Became a worshipper of Yredelemnul the Dark
  6612 | D:7      | Found an ancient bone altar of Kikubaaqudgha.
  7121 | D:8      | Noticed Maurice
  7247 | D:8      | Killed Maurice
  7299 | D:8      | Reached skill level 10 in Maces & Flails
  7323 | D:8      | Reached * piety under Yredelemnul
  7628 | D:8      | Found a shattered altar of Ashenzari.
  7677 | D:8      | Noticed Psyche
  7687 | D:8      | Found Daphurhitu's Magic Scroll Shoppe.
  7871 | D:8      | Found a viscous altar of Jiyva.
  7914 | D:8      | Reached skill level 10 in Fighting
  8106 | D:8      | Reached ** piety under Yredelemnul
  8114 | D:8      | Reached XP level 10. HP: 91/93 MP: 9/9
  8137 | D:8      | Found a staircase to the Lair.
  8303 | D:8      | Noticed Pikel
  8317 | D:8      | Killed Pikel
  8317 | D:8      | Reached skill level 10 in Armour
  8465 | D:8      | Noticed Joseph
  8489 | D:8      | Killed Joseph
  8489 | D:8      | Reached skill level 11 in Maces & Flails
  8620 | Lair:1   | Entered Level 1 of the Lair of Beasts
  8696 | Lair:1   | Noticed a spiny frog
  8703 | Lair:1   | Killed a spiny frog
  8954 | Lair:1   | Slain by a blink frog

Skill      XL: |  1  2  3  4  5  6  7  8  9 10 |
---------------+-------------------------------+-----
Armour         | 1 2 3 4 6 7 9 10 | 10.5
Maces & Flails | 4 5 6 7 9 10 11 | 11.2
Fighting       | 3 4 5 7 8 10 | 10.8
Throwing       | |  2.0
Dodging        | |  3.2

Action                   |  1- 3 |  4- 6 |  7- 9 | 10-12 || total
-------------------------+-------+-------+-------+-------++-------
Melee: Flail             |    84 |   154 |   152 |       ||   390
       Headbutt          |    13 |    23 |    60 |    19 ||   115
       Morningstar       |       |       |   187 |    84 ||   271
Throw: Throwing net      |       |     1 |     2 |       ||     3
  Use: Scroll            |       |       |    17 |     2 ||    19
       Potion            |       |       |     4 |     1 ||     5
  Eat: Chunk             |     2 |     6 |    13 |     2 ||    23
       Royal jelly       |       |       |     1 |       ||     1
Armor: Leather armour    |    23 |       |       |       ||    23
       Scale mail        |       |    71 |    62 |       ||   133
       Plate armour      |       |       |   154 |    42 ||   196
Dodge: Dodged            |    59 |    97 |   135 |    43 ||   334
